Map: Eastwatch LE

Players

Lambo

  • Race: Zerg Zerg
  • Spawn Location: 7:00

Serral - Winner!

  • Race: Zerg Zerg
  • Spawn Location: 1:00

Event: WESG 2017 Haikou

VOD

Have the link to the VOD?

Description

Time

  • Played on: March 15, 2018, 11:23 p.m.
  • Length: 7:26

All games in this series

Show
View Real Time Build Order
Export as new Build Order

Lambo Zerg 

Build Orders: Hatch First 

Get SALT Encoding   

  12  0:00  Drone  
  13  0:12  Overlord  
  13  0:17  Drone  
  14  0:30  Drone x2  
  16  0:36  Drone  
  17  0:51  Hatchery  
  17  0:55  Drone  
  17  0:58  Drone  
  18  1:09  Extractor  
  17  1:12  Spawning Pool  
  17  1:15  Drone  
  18  1:18  Drone  
  18  1:28  Drone  
  19  1:40  Overlord  
  19  1:49  Drone  
  20  1:59  Queen  
  20  2:00  Zergling x2  
  23  2:03  Drone, Queen  
  26  2:08  Metabolic Boost  
  26  2:10  Drone  
  26  2:14  Drone  
  28  2:21  Drone  
  29  2:28  Drone  
  30  2:36  Hatchery  
  29  2:41  Baneling Nest  
  29  2:43  Zergling x2  
  29  2:44  Drone  
  29  2:47  Drone  
  29  2:51  Overlord  
  31  2:55  Drone  
  32  3:05  Drone x2  
  34  3:08  Drone  
  34  3:10  Drone x2  
  34  3:11  Zergling x2  
  38  3:13  Zergling x4  
  38  3:17  Drone  
  41  3:21  Overlord  
  41  3:24  Drone  
  42  3:31  Lair  
  41  3:35  Drone x2  
  41  3:38  Drone  
  44  3:41  Drone x2  
  44  3:43  Drone  
  44  3:44  Drone  
  44  3:47  Queen  
  50  3:49  Drone  
  50  3:53  Drone, Extractor  
  50  3:55  Extractor  
  50  3:56  Zergling x2  
  50  3:58  Drone  
  50  3:59  Extractor  
  50  4:01  Drone  
  52  4:06  Drone x2  
  52  4:08  Overlord  
  52  4:09  Drone  
  55  4:19  Overlord  
  55  4:23  Baneling x3  
  55  4:24  Zergling x6  
  57  4:25  Overlord  
  57  4:30  Zergling x8  
  57  4:31  Zergling x2  
  62  4:33  Overlord  
  62  4:37  Zergling x2  
  63  4:40  Evolution Chamber  
  63  4:41  Zergling x2  
  63  4:43  Baneling  
  63  4:45  Zergling x2  
  64  4:48  Zergling x4  
  64  4:49  Zergling x4  
  68  4:57  Drone  
  67  5:07  Overlord  
  67  5:12  Zerg Melee Weapons Level 1  
  67  5:14  Drone  
  68  5:15  Spire  
  68  5:17  Drone x5  
  68  5:18  Drone x2  
  68  5:20  Drone  
  74  5:32  Drone x3  
  74  5:34  Zergling x6  
  74  5:35  Extractor  
  79  5:37  Extractor  
  79  5:40  Drone x3  
  79  5:41  Queen  
  81  5:50  Drone  
  81  5:51  Drone x2  
  82  6:20  Overlord x2  
  79  6:34  Mutalisk x11  
  79  6:38  Mutalisk  
  92  6:40  Zergling x4  
  92  6:44  Zergling x6  
  92  6:46  Mutalisk  
  97  6:49  Zergling x2  
  97  6:50  Zergling x2  
  94  6:56  Baneling x2  
  94  6:57  Zergling x8  
  94  6:58  Zergling x4  
  94  7:07  Zergling x6  
Show
View Real Time Build Order
Export as new Build Order

Serral Zerg - Winner!

Build Orders: Hatch First 

Get SALT Encoding   

  12  0:00  Drone  
  13  0:12  Overlord  
  13  0:17  Drone  
  14  0:30  Drone x2  
  14  0:35  Drone  
  17  0:51  Hatchery  
  17  0:54  Drone  
  17  0:57  Drone  
  18  1:08  Extractor  
  17  1:12  Spawning Pool  
  17  1:15  Drone  
  17  1:18  Drone  
  18  1:28  Drone  
  19  1:38  Overlord  
  19  1:49  Drone  
  20  1:59  Queen  
  20  2:01  Drone  
  23  2:02  Queen  
  23  2:03  Zergling x2  
  26  2:09  Evolution Chamber  
  26  2:11  Drone  
  26  2:14  Drone  
  27  2:27  Drone  
  27  2:28  Drone  
  29  2:34  Queen  
  29  2:35  Zerg Ground Armor Level 1  
  31  2:40  Overlord  
  31  2:42  Drone  
  32  2:45  Drone  
  33  2:52  Drone  
  33  2:55  Drone  
  35  2:59  Drone  
  36  3:07  Metabolic Boost  
  36  3:09  Drone x5  
  41  3:19  Overlord  
  41  3:24  Drone  
  41  3:25  Roach Warren, Drone x2  
  43  3:30  Drone  
  44  3:41  Zergling x4  
  46  3:42  Evolution Chamber  
  46  3:43  Roach Warren  
  46  3:45  Zergling x2  
  46  3:46  Zergling x4  
  47  3:50  Zergling x4  
  47  3:51  Zergling x2  
  47  3:55  Zergling x2  
  51  3:57  Zergling x2  
  52  4:04  Overlord  
  52  4:10  Lair  
  52  4:18  Zerg Missile Weapons Level 1  
  52  4:20  Overlord  
  52  4:24  Overlord  
  53  4:26  Zergling x2  
  53  4:27  Zergling x8  
  53  4:31  Extractor  
  57  4:32  Drone x2  
  57  4:33  Extractor  
  57  4:35  Hatchery  
  57  4:39  Drone x2  
  57  4:44  Drone  
  60  4:51  Overlord  
  59  4:58  Drone  
  59  4:59  Drone x2  
  60  5:01  Roach x3  
  66  5:10  Roach  
  66  5:11  Glial Reconstitution  
  70  5:14  Roach  
  70  5:20  Roach  
  70  5:21  Roach x2  
  76  5:23  Overlord  
  76  5:28  Overlord x2  
  76  5:32  Roach x2  
  80  5:36  Roach  
  82  5:52  Roach x3  
  82  5:56  Roach x4  
  94  5:59  Overlord  
  94  6:02  Roach x3  
  100  6:13  Roach x4  
  108  6:23  Roach  
  108  6:24  Roach x2  
  114  6:30  Zergling x14  
  121  6:34  Overlord  
  121  6:36  Overlord  
  118  6:44  Zergling x8  
  122  6:52  Overlord  
  122  6:54  Zergling x2  
  125  7:02  Zergling x12  
Tags
 
Add a new tag
Caveats
  • Supply blocks, unpowered buildings, or Contaminate may cause inaccurate times.
  • Supply counts are checked every 10 seconds.